 Dungeon Sprint DCSS version 0.28-a0-8-g6e044cfa68 (webtiles) character file.

Game seed: 7240430924140619985

267 mhtbhm the Blocker (level 6, 0/44 HPs)
             Began as a Gargoyle Fighter on July 24, 2021.
             Was a Believer of Qazlal.
             Shot with an arrow by a centaur (7 damage)
             ... in the Dungeon (Sprint VII: "The Pits").
             The game lasted 00:00:36 (498 turns).

mhtbhm the Blocker (Gargoyle Fighter)                Turns: 498, Time: 00:00:37

Health: 0/44       AC: 12    Str: 21    XL:     6   Next: 21%
Magic:  6/6        EV:  9    Int:  9    God:    Qazlal [**....]
Gold:   0          SH: 13    Dex:  9    Spells: 5/5 levels left

rFire   . . .      SeeInvis .   a - +2 hand axe
rCold   . . .      Faith    .   c - +0 kite shield
rNeg    + . .      Spirit   .   b - +0 scale mail
rPois   ∞          Reflect  .   (no helmet)
rElec   +          Harm     .   (no cloak)
rCorr   .          Rampage  .   (no gloves)
Will    .....      NoTele   +   (no boots)
Stlth   ..........              (no amulet)
HPRegen 0.14/turn               (no ring)
MPRegen 0.10/turn               (no ring)

@: no status effects
A: sickness immunity, AC +4, negative energy resistance 1, electricity
resistance, torment resistance 1, petrification resistance
a: Renounce Religion, Upheaval


You were in the Dungeon.
You worshipped Qazlal.
Qazlal was pleased with you.
You visited 1 branch

Inventory:

Hand Weapons
 a - a +2 hand axe (weapon)
Armour
 b - a +0 scale mail (worn)
 c - a +0 kite shield (worn)
Scrolls
 j - a scroll of blinking
 l - 5 scrolls of amnesia
 m - a scroll of summoning
Potions
 d - a potion of might
 e - a potion of curing
 f - a potion of heal wounds
 g - a potion of haste
 h - 4 potions of magic
 i - 3 potions of berserk rage
 k - 2 potions of invisibility


   Skills:
 + Level 7.5 Fighting
 + Level 4.3 Axes
 + Level 8.0 Armour
 + Level 1.5 Dodging
 + Level 8.3 Shields


You had 5 spell levels left.
You didn't know any spells.
Your spell library was empty.

Dungeon Overview and Level Annotations

Branches:
Dungeon (1/1)

Altars:
Ashenzari
Cheibriados
Dithmenos
Elyvilon
Fedhas
Gozag
Hepliaklqana
Kikubaaqudgha
Makhleb
Nemelex Xobeh
Okawaru
Qazlal
Ru
Sif Muna
Trog
Uskayaw
Vehumet
Wu Jian
Xom
Yredelemnul
Zin
The Shining One
Beogh
Jiyva
Lugonu


Innate Abilities, Weirdness & Mutations

You are immune to sickness and miasma.
Your stone body is resilient. (AC +4)
You are immune to poison.
You resist negative energy. (rN+)
You are resistant to electric shocks. (rElec)
You are resistant to unholy torment.
You are immune to petrification.


Message History

The floating eye is almost dead.
You hit the floating eye.
You kill the floating eye!
Qazlal accepts your kill.
You can now call upon nature to destroy your foes.
Your Fighting skill increases to level 7!
Your Axes skill increases to level 4!
Your Armour skill increases to level 8!
Your Dodging skill increases to level 1!
Your Shields skill increases to level 8!
You have reached level 6!
Your experience leads to an increase in your attributes!
Increase (S)trength, (I)ntelligence, or (D)exterity?
You feel stronger.
Unknown command.
A floating eye and a centaur come into view.
The floating eye turns its gaze towards you.
The floating eye seems to glare at you.
The centaur wields a +2 shortbow of freezing.
It is covered in frost.
The centaur shoots an arrow.
The arrow hits you but does no damage.
There is an open door here.
You see here a quokka corpse.
You hit the floating eye.
The floating eye is lightly wounded.
You hit the floating eye.
The floating eye is moderately wounded.
The floating eye gazes piercingly through you!
You suddenly lose the ability to move!
You can move again.
Unknown command.
You slash the floating eye!
The floating eye is almost dead.
You hit the floating eye.
You kill the floating eye!
Qazlal accepts your kill.
The centaur shoots an arrow.
The arrow hits you! The arrow freezes you!
The centaur shoots an arrow.
The arrow hits you!
* * * LOW HITPOINT WARNING * * *
The arrow freezes you!
You die...

##########'##...........
#.?(.')))'.##......#..#.
##########.##...........
#...†.......'...........
#+#####'#####......#..#.
#.....##...........
#####'#####'#####++
#.§...##.......#
#.@...##.......#
###○####.......#
#.....##...<...#
.c...c..##.......#
#........##.......#
###########.......#
#########


You could see a centaur.

Vanquished Creatures
  3 floating eyes (D)
  A scorpion (D)
  An ufetubus (D)
  A bat (D)
  A quokka (D)
  A frilled lizard (D)
8 creatures vanquished.

Notes
Turn   | Place    | Note
-------+----------+-------------------------------------------
     0 | D        | mhtbhm the Gargoyle Fighter began the quest for the Orb.
     0 | D        | Reached XP level 1. HP: 14/14 MP: 1/1
    44 | D        | Found a bloodstained altar of Trog.
    44 | D        | Found a shimmering blue altar of Sif Muna.
    44 | D        | Found a viscous altar of Jiyva.
    44 | D        | Found a hazy altar of Hepliaklqana.
    44 | D        | Found an opulent altar of Gozag.
    45 | D        | Found a glowing golden altar of the Shining One.
    45 | D        | Found a glowing silver altar of Zin.
    45 | D        | Found a basalt altar of Yredelemnul.
    45 | D        | Found a shimmering altar of Xom.
    45 | D        | Found an ornate altar of the Wu Jian Council.
    45 | D        | Found a sacrificial altar of Ru.
    45 | D        | Found a stormy altar of Qazlal.
    45 | D        | Found an iron altar of Okawaru.
    45 | D        | Found a sparkling altar of Nemelex Xobeh.
    45 | D        | Found a burning altar of Makhleb.
    45 | D        | Found a blossoming altar of Fedhas.
    45 | D        | Found a white marble altar of Elyvilon.
    45 | D        | Found a shadowy altar of Dithmenos.
    45 | D        | Found a snail-covered altar of Cheibriados.
    47 | D        | Found a radiant altar of Vehumet.
    47 | D        | Found a corrupted altar of Lugonu.
    48 | D        | Found a hide-covered altar of Uskayaw.
    48 | D        | Found an ancient bone altar of Kikubaaqudgha.
    48 | D        | Found a broken altar of Ashenzari.
    52 | D        | Became a worshipper of Qazlal Stormbringer
    95 | D        | Noticed a floating eye
   100 | D        | Killed a floating eye
   101 | D        | Reached XP level 2. HP: 22/22 MP: 2/2
   101 | D        | Reached XP level 3. HP: 27/27 MP: 3/3
   101 | D        | Reached XP level 4. HP: 32/32 MP: 4/4
   105 | D        | Noticed a scorpion
   112 | D        | Reached * piety under Qazlal
   132 | D        | Killed a scorpion
   133 | D        | Reached XP level 5. HP: 15/37 MP: 5/5
   477 | D        | Noticed a floating eye
   481 | D        | Paralysed by a floating eye for 4 turns
   489 | D        | Killed a floating eye
   489 | D        | Reached ** piety under Qazlal
   490 | D        | Reached skill level 1 in Dodging
   490 | D        | Reached XP level 6. HP: 44/44 MP: 6/6
   490 | D        | Noticed a floating eye
   493 | D        | Paralysed by a floating eye for 4 turns
   498 | D        | Killed a floating eye
   498 | D        | Shot with an arrow by a centaur

Illustrated notes

Levels and vault maps discovered:
D:        pitsprint [storerooms_1, entrance_room_1, metal_vault_2, armoury_2,
          mini_pit_1, grid_room_1, main_hall_1, silver_pit, the_coven_1,
          the_vestibule_1, steel_vault_1, golden_pit, hallway_of_sentries,
          crystal_vault_3, iron_vault_1, final_vault]

Skill      XL: |  1  2  3  4  5 |
---------------+----------------+-----
Fighting       | 6 7 |  7.5
Axes           | 2 3 4 |  4.3
Armour         | 6 7 8 |  8.0
Shields        | 6 7 8 |  8.3
Dodging        | 1 |  1.5

Action                   |  1- 3 |  4- 6 || total
-------------------------+-------+-------++-------
Melee: War axe           |     7 |       ||     7
       Hand axe          |     6 |    39 ||    45
Armor: Scale mail        |    10 |    16 ||    26
Dodge: Dodged            |     7 |    20 ||    27
Block: Kite shield       |    10 |    19 ||    29

Table legend: (Time is in decaauts)
 A = Elapsed time spent in this place.
 B = Non-inter-level travel time spent in this place.
 C = Inter-level travel time spent in this place.
 D = Time resting spent in this place.
 E = Time spent auto-exploring this place.
 F = Levels seen in this place.
 G = Mean time per level.
                   A        B        C        D        E       F      G
               +--------+--------+--------+--------+--------+-----+--------+
         Total |    516 |    516 |      0 |    337 |      0 |   1 |  516.0 |
       Dungeon |    516 |    516 |      0 |    337 |      0 |   1 |  516.0 |
               +--------+--------+--------+--------+--------+-----+--------+

Top non-repeatable levels by time:
       D: 516 daAuts
